Map: Zen LE

Players

prospeKt - Winner!

  • Race: Zerg Zerg
  • League: Platinum
  • Spawn Location: 7:00

VOD

Have the link to the VOD?

Description

Time

  • Played on: May 28, 2020, 10:13 a.m.
  • Length: 17:11
Show
View Real Time Build Order
Export as new Build Order

prospeKt Zerg - Winner!

Build Orders:  

Get SALT Encoding   

  12  0:02  Drone  
  13  0:17  Overlord  
  13  0:24  Drone  
  14  0:43  Drone  
  14  0:44  Drone  
  14  0:49  Drone  
  17  1:16  Hatchery  
  9  1:20  Drone  
  16  1:28  Drone  
  18  1:46  Spawning Pool  
  18  1:49  Drone  
  18  1:53  Drone  
  19  2:03  Extractor  
  19  2:04  Drone  
  19  2:18  Drone  
  20  2:34  Drone  
  21  2:49  Drone  
  22  2:56  Queen x2  
  22  2:58  Drone  
  27  3:04  Overlord  
  27  3:14  Drone  
  28  3:29  Drone  
  29  3:30  Drone  
  29  3:34  Overlord  
  30  3:42  Drone  
  30  3:46  Queen  
  33  3:51  Drone  
  33  3:59  Overlord  
  34  4:03  Drone  
  35  4:11  Drone  
  35  4:19  Drone  
  37  4:35  Drone x5  
  37  4:36  Drone x2  
  44  4:49  Drone  
  30  4:50  Drone  
  45  4:53  Lair  
  46  5:02  Overlord  
  46  5:03  Drone, Extractor  
  46  5:07  Extractor  
  45  5:20  Drone x2  
  45  5:26  Hatchery  
  46  5:35  Drone x2  
  48  5:53  Drone x3  
  51  6:03  Roach Warren  
  51  6:07  Evolution Chamber  
  49  6:10  Drone x2  
  49  6:17  Drone  
  49  6:18  Drone x2  
  54  6:28  Drone x2  
  56  6:30  Overlord  
  56  6:31  Overlord  
  56  6:32  Drone  
  56  6:35  Drone  
  56  6:36  Drone  
  59  6:52  Zerg Missile Weapons Level 1  
  59  6:56  Drone  
  59  6:57  Overlord, Drone  
  59  6:59  Glial Reconstitution  
  61  7:10  Roach x6  
  61  7:13  Roach x2  
  61  7:14  Roach  
  61  7:17  Overlord  
  79  7:23  Hydralisk Den  
  79  7:25  Drone x2  
  80  7:37  Drone x2  
  78  7:45  Drone  
  78  7:46  Queen  
  68  8:12  Drone x2  
  68  8:13  Drone x4, Roach  
  68  8:14  Roach x4  
  84  8:26  Roach x2  
  88  8:36  Extractor  
  87  8:42  Drone  
  87  8:43  Drone x8  
  87  8:48  Extractor  
  95  9:08  Drone x3  
  98  9:17  Overlord x2  
  98  9:41  Overlord x2  
  98  9:51  Hatchery  
  98  9:55  Extractor  
  96  10:01  Zerg Missile Weapons Level 2  
  96  10:10  Evolution Chamber  
  95  10:20  Hydralisk  
  95  10:21  Hydralisk x14  
  125  10:45  Drone x5  
  130  11:23  Overlord x2  
  130  11:24  Overlord x2  
  130  11:28  Zerg Ground Armor Level 1  
  130  11:34  Unknown  
  130  11:45  Drone x5  
  130  11:46  Drone  
  130  11:48  Overlord  
  130  11:49  Overlord  
  136  11:51  Hydralisk x7  
  136  11:52  Hydralisk x4  
  136  11:56  Drone  
  136  11:57  Drone x2  
  161  12:18  Drone x3  
  161  12:19  Drone  
  169  12:28  Extractor x2  
  167  12:35  Hydralisk  
  167  12:36  Hydralisk x4  
  167  12:38  Overlord x3  
  173  13:09  Hydralisk x8  
  189  13:10  Hydralisk x3  
  189  13:19  Infestation Pit  
  194  13:23  Hydralisk  
  194  13:24  Hydralisk x2  
  200  14:32  Hatchery  
  199  14:54  Hatchery  
  199  14:55  Hatchery  
  197  15:00  Hatchery  
  197  15:01  Hatchery, Unknown  
  197  15:03  Hatchery  
  197  15:07  Hydralisk  
  197  15:08  Hydralisk x2  
  200  15:15  Overlord x3  
  190  15:31  Pneumatized Carapace  
  190  15:45  Hydralisk x6  
  200  16:05  Hive  
  200  16:28  Hatchery  
Tags
 
League
Platinum
Matchup
Co-op
Add a new tag
Caveats
  • Supply blocks, unpowered buildings, or Contaminate may cause inaccurate times.
  • Supply counts are checked every 10 seconds.